Map: Dusk Towers

Players

LilDicky

  • Race: Zerg Zerg
  • League: Diamond

waymorbetter - Winner!

  • Race: Zerg Zerg
  • League: Gold

VOD

http://www.twitch.tv/tumescentpie

Description

Time

  • Played on: Dec. 23, 2015, 8:52 p.m.
  • Length: 15:32
Show
View Real Time Build Order
Export as new Build Order

LilDicky Zerg 

Build Orders: Pool First 

Get SALT Encoding   

  12  0:03  Drone  
  13  0:16  Drone, Extractor  
  13  0:32  Spawning Pool  
  12  0:42  Drone x2  
  14  0:47  Overlord  
  14  1:06  Drone  
  15  1:25  Metabolic Boost  
  15  1:28  Queen  
  17  1:36  Zergling x2  
  17  1:37  Zergling x4  
  20  1:48  Overlord  
  20  2:00  Zergling x2  
  21  2:10  Zergling x2  
  22  2:20  Zergling x2  
  23  2:30  Zergling x2  
  23  2:44  Zergling x2  
  23  2:45  Zergling x4  
  26  2:52  Overlord  
  26  2:56  Queen  
  28  3:03  Hatchery  
  23  3:20  Drone  
  23  3:21  Drone x2  
  26  3:44  Spine Crawler  
  26  3:45  Spine Crawler x2  
  20  4:09  Drone  
  21  4:10  Drone x5  
  27  4:18  Lair  
  27  4:22  Roach Warren  
  26  4:36  Extractor  
  26  4:37  Drone x4  
  29  5:04  Drone x2  
  29  5:05  Drone x2  
  33  5:07  Roach x2  
  33  5:08  Roach  
  39  5:15  Drone  
  39  5:16  Drone x2  
  42  5:28  Roach  
  44  5:29  Overlord  
  44  5:46  Glial Reconstitution  
  44  5:54  Evolution Chamber  
  44  5:55  Evolution Chamber  
  44  5:56  Drone x4  
  44  5:57  Drone x2  
  48  6:02  Overlord  
  48  6:03  Overlord  
  48  6:18  Spore Crawler  
  47  6:21  Spore Crawler  
  46  6:28  Queen  
  46  6:30  Roach x6  
  46  6:31  Roach x3  
  66  6:38  Spore Crawler  
  65  6:40  Spore Crawler, Drone  
  65  6:41  Drone  
  65  6:42  Drone  
  67  6:53  Ravager  
  68  6:54  Overlord x2  
  66  7:16  Roach  
  66  7:17  Roach x7  
  66  7:20  Zerg Missile Weapons Level 1  
  82  7:35  Zerg Ground Armor Level 1  
  82  7:45  Overlord x3  
  82  7:47  Roach  
  84  7:54  Extractor x2  
  82  8:13  Roach x3  
  82  8:14  Roach x4  
  96  8:31  Ravager  
  97  8:49  Ravager x2  
  99  9:02  Drone  
  100  9:04  Overlord x3  
  100  9:05  Overlord  
  100  9:16  Spore Crawler  
  99  9:17  Spore Crawler  
  98  9:29  Hatchery  
  79  9:39  Roach x5  
  79  9:40  Roach x10  
  101  10:10  Hydralisk Den  
  89  10:39  Drone x15  
  104  10:51  Muscular Augments  
  104  10:53  Hydralisk x2  
  108  10:58  Hydralisk  
  110  11:16  Hydralisk x4  
  118  11:40  Hatchery  
  98  12:04  Spore Crawler x2  
  98  12:05  Spore Crawler  
  98  12:06  Spore Crawler  
  92  12:10  Spore Crawler x2  
  92  12:12  Spore Crawler  
  92  12:14  Spine Crawler  
  68  12:46  Hydralisk x5  
  68  12:47  Hydralisk x7  
  64  13:03  Lurker Den  
  64  13:11  Hydralisk  
  64  13:12  Hydralisk x3  
  64  13:58  Roach  
  64  13:59  Roach x7  
  80  14:30  Hatchery  
  79  14:35  Hydralisk x2  
  79  14:36  Hydralisk x2  
  79  15:07  Hatchery  
Show
View Real Time Build Order
Export as new Build Order

waymorbetter Zerg - Winner!

Build Orders: Pool First 

Get SALT Encoding   

  12  0:01  Drone  
  13  0:14  Overlord  
  13  0:20  Drone  
  14  0:30  Extractor  
  14  0:31  Drone  
  14  0:34  Drone  
  16  0:38  Drone  
  17  0:58  Spawning Pool  
  17  1:03  Drone x2, Extractor  
  17  1:11  Drone  
  18  1:34  Overlord  
  18  1:36  Drone  
  19  1:48  Queen  
  19  1:49  Hatchery  
  20  1:58  Spine Crawler  
  19  2:02  Drone  
  19  2:05  Zergling x2  
  19  2:08  Zergling x2  
  22  2:25  Lair  
  22  2:30  Drone x2  
  22  2:35  Extractor  
  22  2:36  Drone  
  23  2:48  Zergling x2  
  24  2:58  Zergling x8  
  25  3:23  Queen  
  25  3:26  Spire  
  26  3:28  Spine Crawler  
  26  3:33  Drone x3, Spine Crawler  
  26  3:34  Drone x2  
  28  4:14  Hatchery  
  27  4:23  Spine Crawler  
  26  4:34  Overlord  
  26  4:38  Mutalisk  
  26  4:40  Overlord  
  26  4:42  Zerg Flyer Weapons Level 1  
  28  5:00  Mutalisk x3  
  28  5:06  Mutalisk  
  36  5:12  Drone  
  36  5:13  Drone  
  38  5:30  Drone  
  38  5:31  Drone  
  38  5:32  Drone  
  41  5:41  Mutalisk  
  41  5:42  Mutalisk  
  45  5:49  Drone x2  
  47  5:50  Extractor  
  47  5:52  Drone x2  
  48  6:13  Drone  
  48  6:14  Drone  
  48  6:18  Overlord x2  
  50  6:31  Drone  
  51  6:36  Zerg Flyer Weapons Level 2, Queen  
  51  6:37  Mutalisk  
  55  6:42  Drone x2  
  55  6:43  Zergling x2, Extractor  
  55  6:44  Zergling x2  
  58  6:50  Drone x2  
  58  6:51  Drone  
  61  7:07  Drone  
  61  7:08  Drone  
  63  7:19  Mutalisk  
  63  7:20  Mutalisk  
  63  7:21  Overlord x2  
  63  7:22  Overlord  
  61  7:50  Metabolic Boost  
  61  7:55  Mutalisk x4  
  61  7:57  Evolution Chamber, Zergling x10  
  61  7:58  Zergling x2  
  74  8:42  Mutalisk  
  74  8:43  Mutalisk x4  
  74  8:44  Zergling x2  
  74  8:45  Zergling x10  
  88  8:59  Zergling x6  
  88  9:00  Overlord x4  
  73  9:38  Zergling x2  
  73  9:39  Zergling x12  
  73  9:40  Zergling x8  
  83  9:55  Hatchery  
  80  10:13  Mutalisk, Zergling x4  
  80  10:14  Zergling x6  
  77  10:31  Mutalisk x5  
  77  10:32  Mutalisk  
  89  10:50  Drone x3  
  89  10:51  Drone x5  
  97  10:59  Infestation Pit, Zerg Melee Weapons Level 1  
  97  11:03  Hydralisk Den  
  95  11:09  Zergling x2  
  95  11:10  Zergling x6  
  99  11:17  Queen  
  101  11:19  Overlord  
  101  11:25  Spine Crawler  
  101  11:32  Drone  
  101  11:34  Mutalisk x2  
  101  11:35  Mutalisk  
  95  12:01  Zergling x8  
  94  12:02  Mutalisk x3, Zergling x8  
  107  12:11  Extractor  
  107  12:13  Drone  
  107  12:14  Drone x3  
  99  12:37  Hatchery  
  94  12:44  Queen  
  96  12:55  Mutalisk x4  
  96  12:56  Mutalisk x3  
  110  13:13  Drone x2  
  110  13:14  Drone x3  
  109  13:54  Hydralisk x4, Zergling x8  
  109  13:55  Hydralisk x3  
  117  14:15  Extractor  
  116  14:17  Overseer  
  116  14:33  Extractor  
  116  14:37  Zergling x4  
  116  14:38  Mutalisk x5, Zergling x8  
  113  14:39  Mutalisk  
  125  14:58  Zergling x6  
  125  14:59  Zergling x6  
  129  15:09  Drone x2  
Tags
 
Add a new tag
Caveats
  • Supply blocks, unpowered buildings, or Contaminate may cause inaccurate times.
  • Supply counts are checked every 10 seconds.